 Dungeon Crawl Stone Soup version 0.28.0-45-g0d030f2227 (webtiles) character file.

Game seed: 11213373325679284372

56 OrbIsHorse the Ducker (level 3, 0/36 HPs)
             Began as a Troll Fighter on Apr 11, 2022.
             Slain by a bullfrog (7 damage)
             ... on level 4 of the Dungeon.
             The game lasted 00:02:47 (215 turns).

OrbIsHorse the Ducker (Troll Fighter)                Turns: 215, Time: 00:02:48

Health: 0/36       AC:  4    Str: 26    XL:     3   Next: 71%
Magic:  2/2        EV:  8    Int:  4    God:
Gold:   12         SH:  7    Dex:  9    Spells: 2/2 levels left

rFire   + . .      SeeInvis .     - Unarmed
rCold   . . .      Faith    .   b - +0 kite shield
rNeg    . . .      Spirit   .   a - +0 robe
rPois   .          Reflect  .   (helmet restricted)
rElec   .          Harm     .   (no cloak)
rCorr   .          Rampage  .   (gloves unavailable)
Will    .....                   (boots unavailable)
Stlth   +.........              (no amulet)
HPRegen 0.92/turn               c - ring of protection from fire
MPRegen 0.08/turn               (no ring)

@: no status effects
A: large, unfitting armour, claws 3, regeneration 1, shaggy fur 1, tough skin 1
a: no special abilities


You were on level 4 of the Dungeon.
You visited 1 branch of the dungeon, and saw 3 of its levels.

You collected 12 gold pieces.

Inventory:

Armour
 a - a +0 robe (worn)
 b - a +0 kite shield (worn)
 e - a +0 robe
 f - a +0 ring mail
Jewellery
 c - a ring of protection from fire (left claw)
Scrolls
 g - a scroll of fog {unknown}


   Skills:
 + Level 2.8 Fighting
 + Level 3.1 Dodging
 + Level 2.9 Shields
 + Level 2.3 Unarmed Combat


You had 2 spell levels left.
You didn't know any spells.
Your spell library was empty.

Dungeon Overview and Level Annotations

Branches:
Dungeon (2/15)

Altars:


Innate Abilities, Weirdness & Mutations

You are too large for most types of armour.
You have claws for hands.
Your natural rate of healing is unusually fast.
You are covered in fur. (AC +1)
You have tough skin. (AC +1)


Message History

You throw a curare-tipped dart.
The curare-tipped dart closely misses the bullfrog.
The curare-tipped dart hits the orc.
The orc is poisoned.
The orc convulses.
You kill the orc!
Throw: dart (curare)
Press: ? - help, Q - select action Shift-Dir - straight line, f - bullfrog
Aim: a bullfrog (45% to hit)
You throw a curare-tipped dart.
The curare-tipped dart closely misses the bullfrog.
The curare-tipped dart hits the orc.
The orc is poisoned.
The orc convulses.
The orc seems to slow down.
The orc is almost dead.
You kill the orc!
The orc priest calls down the wrath of Beogh upon you.
Beogh smites you!
Ouch! That really hurt!
A hobgoblin comes into view.
You scratch the bullfrog but do no damage.
You block the bullfrog's attack. The bullfrog hits you.
You closely miss the bullfrog.
You kill the orc priest!
The bullfrog hits you but does no damage.
The bullfrog hits you.
Your Dodging skill increases to level 3!
You have reached level 3!
Your experience leads to an increase in your attributes!
Increase (S)trength, (I)ntelligence, or (D)exterity?
You feel stronger. x3
You closely miss the bullfrog. The bullfrog barely misses you.
An orc priest comes into view.
It is wielding a +0 flail of holy wrath.
Unknown command.
You closely miss the bullfrog. The bullfrog completely misses you.
The bullfrog snags a nearby mouse with its tongue.
The bullfrog hits you.
* * * LOW HITPOINT WARNING * * *
The orc priest shouts!
The bullfrog hits you.
* * * LOW HITPOINT WARNING * * *
The bullfrog hits you!
You die...

############
#..........#
#.......##.#
#.......##.######
#...........@...#
#.......##.#Fo.....#
#.......##.#g##.##.#
#..........#.# ..
####.#######.# #.#
#. #o# # # #.) .<.


You could see a bullfrog, an orc priest, an orc and a hobgoblin.

Vanquished Creatures
  An orc priest (D:4)
  An adder (D:2)
  A worm (D:2)
  2 orcs (D:4)
  A ball python (D:2)
  2 endoplasms (D:2)
  A hobgoblin (D:2)
  2 jackals (D:2)
  2 bats (D:2)
  A goblin (D:2)
14 creatures vanquished.

Notes
Turn   | Place    | Note
-------+----------+-------------------------------------------
     0 | D:1      | OrbIsHorse the Troll Fighter began the quest for the Orb.
     0 | D:1      | Reached XP level 1. HP: 22/22 MP: 0/0
    50 | D:2      | Reached XP level 2. HP: 9/29 MP: 1/1
   200 | D:2      | You fall into a shaft and drop 2 floors!
   206 | D:4      | Noticed a bullfrog
   213 | D:4      | Reached skill level 3 in Dodging
   213 | D:4      | Reached XP level 3. HP: 11/36 MP: 2/2
   215 | D:4      | Slain by a bullfrog

Illustrated notes

Levels and vault maps discovered:
D:1:      saegor_arrival_fortress, layout_basic,
          chequers_ecumenical_altar_grove, patterned_corridor
D:2:      layout_rooms
D:4:      layout_loops_cross, uniq_blork_the_orc

Skill      XL: |  1  2 |
---------------+-------+-----
Dodging        | 3 |  3.1
Fighting       | |  2.8
Shields        | |  2.9
Unarmed Combat | |  2.3

Action                   || total
-------------------------++-------
Melee: Unarmed           ||    41
Throw: Dart              ||     4
  Use: Potion            ||     1
Armor: Robe              ||    58
Dodge: Dodged            ||    59
Block: Kite shield       ||    59
